| Top of the 1st - National Division All-Stars batting - Pitching for American Division All-Stars : RHP Z. Greinke |
| Pitching: RHP Z. Greinke | |
| Batting: RHB H. Ramirez | 0-0: Ground out 4-3 (Groundball, 4) |
| Batting: LHB J. Mauer | 0-0: Ball 1-0: Ball 2-0: Foul Ball, location: 2F 2-1: Ball 3-1: Base on Balls |
| Batting: LHB J. Morneau | 0-0: Foul Ball, location: 2F 0-1: Ball 1-1: Foul Ball, location: 2F 1-2: Ball 2-2: Grounds into double play, 4-6-3 (Groundball, 4) |
| Top of the 1st over - 0 run(s), 0 hit(s), 0 error(s), 0 left on base; National Division 0 - American Division 0 |
| |
| Bottom of the 1st - American Division All-Stars batting - Pitching for National Division All-Stars : RHP T. Lincecum |
| Pitching: RHP T. Lincecum | |
| Batting: RHB D. Jeter | 0-0: Ground out 6-3 (Groundball, 6) |
| Batting: RHB D. Wright | 0-0: Called Strike 0-1: Ball 1-1: Ball 2-1: Ball 3-1: Called Strike 3-2: Strikes out swinging |
| Batting: RHB A. Pujols | 0-0: Ball 1-0: Ball 2-0: Ball 3-0: Swinging Strike 3-1: Ground out 3-1 (Groundball, 34) |
| Bottom of the 1st over - 0 run(s), 0 hit(s), 0 error(s), 0 left on base; National Division 0 - American Division 0 |
| |
| Top of the 2nd - National Division All-Stars batting - Pitching for American Division All-Stars : RHP Z. Greinke |
| Batting: RHB T. Hunter | 0-0: Ball 1-0: Called Strike 1-1: Ground out 1-3 (Groundball, 13) |
| Batting: RHB J. Bay | 0-0: Ball 1-0: Ground out 5-3 (Groundball, 56) |
| Batting: LHB A. Gonzalez | 0-0: Foul Ball, location: 2F 0-1: Foul Ball, location: 2F 0-2: Ball 1-2: Strikes out swinging |
| Top of the 2nd over - 0 run(s), 0 hit(s), 0 error(s), 0 left on base; National Division 0 - American Division 0 |
| |
| Bottom of the 2nd - American Division All-Stars batting - Pitching for National Division All-Stars : RHP T. Lincecum |
| Batting: LHB P. Fielder | 0-0: Ground out 4-3 (Groundball, 34) |
| Batting: RHB R. Braun | 0-0: Called Strike 0-1: SINGLE (Line Drive, 34) |
| Batting: LHB B. Hawpe | 0-0: Ball 1-0: Ball 2-0: Ball 3-0: Called Strike 3-1: Base on Balls R. Braun to second |
| Batting: LHB R. Ibanez | 0-0: Fly out, F6 (Line Drive, 6) |
| Batting: LHB C. Utley | 0-0: Called Strike 0-1: Ball 1-1: Foul Ball, location: 2F 1-2: SINGLE (Line Drive, 6M) R. Braun to third B. Hawpe to second |
| Batting: SHB V. Martinez | 0-0: SINGLE (Groundball, 4MD) R. Braun scores B. Hawpe to third C. Utley to second Runner from 3rd tries for Home, SAFE, no throw or cutoff |
| Batting: RHB D. Jeter | 0-0: Called Strike 0-1: Called Strike 0-2: Strikes out swinging |
| Bottom of the 2nd over - 2 run(s), 3 hit(s), 0 error(s), 2 left on base; National Division 0 - American Division 2 |
| |
| Top of the 3rd - National Division All-Stars batting - Pitching for American Division All-Stars : RHP Z. Greinke |
| Pitching: RHP R. Halladay | |
| Batting: RHB E. Longoria | 0-0: Ball 1-0: Ball 2-0: Foul Ball, location: 2F 2-1: Foul Ball, location: 9LSF 2-2: Strikes out swinging |
| Batting: RHB J. Dye | 0-0: Called Strike 0-1: Called Strike 0-2: Ball 1-2: DOUBLE (Line Drive, 8RM) |
| Batting: LHB R. Cano | 0-0: Called Strike 0-1: Ball 1-1: Swinging Strike 1-2: Ground out 4-3 (Groundball, 4) J. Dye to third |
| Batting: RHB H. Ramirez | 0-0: Ball 1-0: Ball 2-0: Called Strike 2-1: DOUBLE (Line Drive, 5L) J. Dye scores |
| Batting: LHB J. Mauer | 0-0: Ball 1-0: Swinging Strike 1-1: Ground out 1-3 (Groundball, 13S) |
| Top of the 3rd over - 1 run(s), 2 hit(s), 0 error(s), 1 left on base; National Division 1 - American Division 2 |
| |
| Bottom of the 3rd - American Division All-Stars batting - Pitching for National Division All-Stars : RHP T. Lincecum |
| Pitching: RHP J. Verlander | |
| Batting: RHB D. Wright | 0-0: Ball 1-0: Swinging Strike 1-1: Swinging Strike 1-2: Strikes out swinging |
| Batting: RHB A. Pujols | 0-0: Ball 1-0: Ball 2-0: Ball 3-0: Called Strike 3-1: Base on Balls |
| Batting: LHB P. Fielder | 0-0: Ball 1-0: Foul Ball, location: 2F 1-1: Foul Ball, location: 7LSF 1-2: Ball 2-2: Foul Ball, location: 2F 2-2: Foul Ball, location: 2F 2-2: Ball 3-2: Fly out, F5 (Popup, 5SF) |
| Batting: RHB R. Braun | 0-0: Ball 1-0: Foul Ball, location: 2F 1-1: Called Strike 1-2: Ball 2-2: Ball 3-2: Base on Balls A. Pujols to second |
| Batting: LHB B. Hawpe | 0-0: Ball 1-0: Called Strike 1-1: Swinging Strike 1-2: Fly out, F7 (Flyball, 78XD) |
| Bottom of the 3rd over - 0 run(s), 0 hit(s), 0 error(s), 2 left on base; National Division 1 - American Division 2 |
| |
| Top of the 4th - National Division All-Stars batting - Pitching for American Division All-Stars : RHP R. Halladay |
| Batting: LHB J. Morneau | 0-0: Ball 1-0: Foul Ball, location: 2F 1-1: Ball 2-1: Ball 3-1: Reached on error, E4 (Groundball, 34) |
| Pitching: RHP F. Hernandez | |
| Batting: RHB T. Hunter | 0-0: Grounds into double play, 5-4-3 (Groundball, 56) |
| Batting: RHB J. Bay | 0-0: Called Strike 0-1: Ball 1-1: Swinging Strike 1-2: Ball 2-2: Ball 3-2: Base on Balls |
| Batting: LHB A. Gonzalez | 0-0: Ball 1-0: Called Strike 1-1: Foul Ball, location: 2F 1-2: Foul Ball, location: 2F 1-2: Ball 2-2: Foul Ball, location: 7LMF 2-2: Ball 3-2: Foul Ball, location: 2F 3-2: Base on Balls J. Bay to second |
| Batting: RHB E. Longoria | 0-0: Ball 1-0: Called Strike 1-1: Ball 2-1: Fly out, F6 (Popup, 6D) |
| Top of the 4th over - 0 run(s), 0 hit(s), 1 error(s), 2 left on base; National Division 1 - American Division 2 |
| |
| Bottom of the 4th - American Division All-Stars batting - Pitching for National Division All-Stars : RHP J. Verlander |
| Pitching: RHP J. Vazquez | |
| Batting: LHB R. Ibanez | 0-0: Foul Ball, location: 2F 0-1: Called Strike 0-2: Ball 1-2: Ball 2-2: SOLO HOME RUN (Flyball, 9D), Distance : 415 ft |
| Batting: LHB C. Utley | 0-0: Called Strike 0-1: SINGLE (Groundball, 34D) |
| Batting: SHB V. Martinez | 0-0: Called Strike 0-1: Ball 1-1: Fielders Choice at 2nd, 3-6 (Groundball, 34) |
| Batting: RHB D. Jeter | 0-0: Ball 1-0: Fly out, F9 (Flyball, 9D) |
| Batting: RHB D. Wright | 0-0: Ball 1-0: Foul Ball, location: 2F 1-1: Ball 2-1: Ball 3-1: Base on Balls V. Martinez to second |
| Batting: RHB A. Pujols | 0-0: Ball 1-0: Ground out 6-3 (Groundball, 6) |
| Bottom of the 4th over - 1 run(s), 2 hit(s), 0 error(s), 2 left on base; National Division 1 - American Division 3 |
| |
| Top of the 5th - National Division All-Stars batting - Pitching for American Division All-Stars : RHP F. Hernandez |
| Pitching: RHP Y. Gallardo | |
| Batting: RHB J. Dye | 0-0: Ball 1-0: Fly out, F8 (Flyball, 8LXD) |
| Batting: LHB R. Cano | 0-0: Foul Ball, location: 2F 0-1: Ball 1-1: Ball 2-1: Ball 3-1: Foul Ball, location: 9LDF 3-2: Foul Ball, location: 2F 3-2: Fly out, F7 (Flyball, 78M) |
| Batting: RHB H. Ramirez | 0-0: Ball 1-0: Ball 2-0: Swinging Strike 2-1: Foul Ball, location: 7LDF 2-2: Strikes out swinging |
| Top of the 5th over - 0 run(s), 0 hit(s), 0 error(s), 0 left on base; National Division 1 - American Division 3 |
| |
| Bottom of the 5th - American Division All-Stars batting - Pitching for National Division All-Stars : RHP J. Vazquez |
| Pitching: LHP J. Santana | |
| Batting: LHB P. Fielder | 0-0: Ball 1-0: Ground out 4-3 (Groundball, 34) |
| Batting: RHB R. Braun | 0-0: Swinging Strike 0-1: Foul Ball, location: 2F 0-2: Foul Ball, location: 2F 0-2: SINGLE (Flyball, 8RS) |
| Pinch Runner at 1stC. Granderson: | |
| Batting: LHB B. Hawpe | 0-0: Foul Ball, location: 2F 0-1: Foul Ball, location: 3DF 0-2: Foul Ball, location: 2F 0-2: Strikes out swinging |
| Batting: LHB R. Ibanez | 0-0: Foul Ball, location: 7LMF 0-1: Ball 1-1: Ball 2-1: Ball 3-1: Base on Balls C. Granderson to second |
| Pinch Runner at 1stC. Crawford: | |
| Pinch Hitting: RHB I. Kinsler | 0-0: Swinging Strike 0-1: Swinging Strike 0-2: Ball 1-2: Ball 2-2: 3-RUN HOME RUN (Flyball, 9D), Distance : 392 ft |
| Pinch Hitting: RHB B. Inge | 0-0: Ball 1-0: Foul Ball, location: 2F 1-1: Ball 2-1: Swinging Strike 2-2: Strikes out swinging |
| Bottom of the 5th over - 3 run(s), 2 hit(s), 0 error(s), 0 left on base; National Division 1 - American Division 6 |
| |
| Top of the 6th - National Division All-Stars batting - Pitching for American Division All-Stars : RHP Y. Gallardo |
| Pitching: LHP B. Fuentes | |
| Now at C: B. Inge | |
| Now at 2B: I. Kinsler | |
| Now in LF: C. Crawford | |
| Now in CF: C. Granderson | |
| Now in RF: S. Choo | |
| Batting: LHB J. Mauer | 0-0: Called Strike 0-1: Foul Ball, location: 2F 0-2: Strikes out looking |
| Pinch Hitting: SHB M. Teixeira | 0-0: Fly out, F8 (Flyball, 8LXD) |
| Batting: RHB T. Hunter | 0-0: Ball 1-0: Called Strike 1-1: Ball 2-1: Called Strike 2-2: SINGLE (Groundball, 56D) |
| Pinch Hitting: LHB I. Suzuki | 0-0: Called Strike 0-1: Ball 1-1: Called Strike Balk! T. Hunter to second 1-2: Foul Ball, location: 2F 1-2: Foul Ball, location: 2LF 1-2: Ball 2-2: Ball Balk! T. Hunter to third 3-2: Ground out 4-3 (Groundball, 4) |
| Top of the 6th over - 0 run(s), 1 hit(s), 0 error(s), 1 left on base; National Division 1 - American Division 6 |
| |
| Bottom of the 6th - American Division All-Stars batting - Pitching for National Division All-Stars : LHP J. Santana |
| Pitching: RHP A. Wainwright | |
| Now at C: B. Molina | |
| Now at 1B: M. Teixeira | |
| Now at 2B: A. Hill | |
| Now in LF: A. Dunn | |
| Now in RF: I. Suzuki | |
| Batting: RHB D. Jeter | 0-0: Called Strike 0-1: SINGLE (Groundball, 56D) (infield hit) |
| Batting: RHB D. Wright | 0-0: Ball 1-0: Called Strike 1-1: SINGLE (Flyball, 78S) D. Jeter to second Runner from 2nd tries for 3rd, SAFE, throw made to third |
| Batting: RHB A. Pujols | 0-0: Called Strike 0-1: Ball 1-1: Ball 2-1: Ball 3-1: Foul Ball, location: 2F 3-2: Grounds into double play, 6-4-3 (Groundball, 6) D. Jeter scores |
| Batting: LHB P. Fielder | 0-0: Ball 1-0: Ball 2-0: Ball 3-0: Called Strike 3-1: Base on Balls |
| Pitching: RHP J. Papelbon | |
| Batting: LHB C. Granderson | 0-0: Foul Ball, location: 2F 0-1: Ground out 1-3 (Groundball, 15S) |
| Bottom of the 6th over - 1 run(s), 2 hit(s), 0 error(s), 1 left on base; National Division 1 - American Division 7 |
| |
| Top of the 7th - National Division All-Stars batting - Pitching for American Division All-Stars : LHP B. Fuentes |
| Pitching: RHP D. Haren | |
| Batting: LHB A. Gonzalez | 0-0: Called Strike 0-1: Called Strike 0-2: Ball 1-2: Fly out, F3 (Popup, 3SF) |
| Batting: RHB E. Longoria | 0-0: Foul Ball, location: 2F 0-1: Ball 1-1: Ball 2-1: Swinging Strike 2-2: Foul Ball, location: 2F 2-2: Foul Ball, location: 9LSF 2-2: Fly out, F5 (Line Drive, 56) |
| Batting: LHB A. Dunn | 0-0: SINGLE (Line Drive, 7S) |
| Batting: RHB A. Hill | 0-0: Ball 1-0: Fielders Choice at 2nd, 5-4 (Groundball, 56) |
| Top of the 7th over - 0 run(s), 1 hit(s), 0 error(s), 0 left on base; National Division 1 - American Division 7 |
| |
| Bottom of the 7th - American Division All-Stars batting - Pitching for National Division All-Stars : RHP J. Papelbon |
| Pitching: RHP J. Nathan | |
| Batting: LHB S. Choo | 0-0: Swinging Strike 0-1: Ball 1-1: Ball 2-1: Foul Ball, location: 2F 2-2: Ground out 4-3 (Groundball, 4) |
| Batting: LHB C. Crawford | 0-0: Ball 1-0: Ball 2-0: Ball 3-0: Called Strike 3-1: Called Strike 3-2: Strikes out looking |
| Batting: RHB I. Kinsler | 0-0: SINGLE (Line Drive, 56D) |
| Batting: RHB B. Inge | 0-0: Called Strike 0-1: Foul Ball, location: 2F 0-2: Strikes out swinging |
| Bottom of the 7th over - 0 run(s), 1 hit(s), 0 error(s), 1 left on base; National Division 1 - American Division 7 |
| |
| Top of the 8th - National Division All-Stars batting - Pitching for American Division All-Stars : RHP D. Haren |
| Pitching: RHP H. Street | |
| Batting: RHB H. Ramirez | 0-0: Called Strike 0-1: Foul Ball, location: 2F 0-2: Strikes out swinging |
| Batting: RHB B. Molina | 0-0: Ball 1-0: Swinging Strike 1-1: Ball 2-1: Ground out 5-3 (Groundball, 5S) |
| Pitching: RHP H. Bell | |
| Batting: SHB M. Teixeira | 0-0: Ball 1-0: DOUBLE (Line Drive, 8RXD) |
| Batting: RHB T. Hunter | 0-0: Ball 1-0: Called Strike 1-1: Ball 2-1: Ball 3-1: Called Strike 3-2: Ground out 5-3 (Groundball, 5) |
| Top of the 8th over - 0 run(s), 1 hit(s), 0 error(s), 1 left on base; National Division 1 - American Division 7 |
| |
| Bottom of the 8th - American Division All-Stars batting - Pitching for National Division All-Stars : RHP J. Nathan |
| Pitching: RHP R. Franklin | |
| Batting: RHB D. Jeter | 0-0: Called Strike 0-1: Ball 1-1: Swinging Strike 1-2: Strikes out swinging |
| Pitching: RHP J. Broxton | |
| Batting: RHB D. Wright | 0-0: Ball 1-0: Called Strike 1-1: SINGLE (Line Drive, 56D) |
| Batting: RHB A. Pujols | 0-0: Called Strike 0-1: Called Strike 0-2: Ball Wild Pitch! D. Wright to second 1-2: Ball 2-2: Foul Ball, location: 25F 2-2: Ball 3-2: Base on Balls |
| Batting: LHB P. Fielder | 0-0: Ball 1-0: Ball 2-0: Ball 3-0: Called Strike 3-1: Fly out, F7 (Flyball, 7LM) |
| Batting: LHB C. Granderson | 0-0: Foul Ball, location: 2F 0-1: Fielders Choice at 2nd, U6 (Groundball, 6M) |
| Bottom of the 8th over - 0 run(s), 1 hit(s), 0 error(s), 2 left on base; National Division 1 - American Division 7 |
| |
| Top of the 9th - National Division All-Stars batting - Pitching for American Division All-Stars : RHP H. Bell |
| Pitching: RHP F. Rodriguez | |
| Batting: LHB I. Suzuki | 0-0: Foul Ball, location: 2F 0-1: Ball 1-1: Ground out 6-3 (Groundball, 56) |
| Batting: LHB A. Gonzalez | 0-0: Fly out, F9 (Flyball, 9M) |
| Batting: RHB E. Longoria | 0-0: Ball 1-0: Ball 2-0: Ground out 6-3 (Groundball, 6) |
| Top of the 9th over - 0 run(s), 0 hit(s), 0 error(s), 0 left on base; National Division 1 - American Division 7 |
| |